 Dungeon Crawl Stone Soup version 0.28.0-53-g5a82cb258f (webtiles) character file.

Game seed: 25043988001680026

2894 Cykl0x the Geomancer (level 9, -4/52 HPs)
             Began as a Gargoyle Earth Elementalist on May 24, 2022.
             Slain by a komodo dragon (16 damage)
             ... on level 7 of the Dungeon.
             The game lasted 00:10:00 (6881 turns).

Cykl0x the Geomancer (Gargoyle Earth Elementalist)  Turns: 6881, Time: 00:10:01

Health: -4/52      AC: 13    Str: 15    XL:     9   Next: 77%
Magic:  9/19       EV: 11    Int: 17    God:
Gold:   235        SH:  5    Dex: 10    Spells: 18/22 levels left

rFire   + . .      SeeInvis .   o - +4 quarterstaff (venom)
rCold   + + .      Faith    .   (shield currently unavailable)
rNeg    + . .      Spirit   .   u - +0 ring mail
rPois   ∞          Reflect  +   (no helmet)
rElec   +          Harm     .   (no cloak)
rCorr   .          Rampage  .   h - +1 pair of gloves
Will    .....                   (no boots)
Stlth   +.........              q - amulet "Haora" {Reflect rC++ SH+5}
HPRegen 0.17/turn               r - ring of protection from fire
MPRegen 0.16/turn               (no ring)

@: no status effects
A: sickness immunity, AC +6, negative energy resistance 1, electricity
resistance, torment resistance 1, petrification resistance
a: no special abilities


You were on level 7 of the Dungeon.
You visited 2 branches of the dungeon, and saw 8 of its levels.

You collected 235 gold pieces.

Inventory:

Hand Weapons
 d - a +1 dagger of speed
 g - a +0 mace of draining
 j - a +2 mace of protection
 o - a +4 quarterstaff of venom (weapon)
Missiles
 c - 52 stones
Armour
 b - a +0 robe
 e - a +0 leather armour
 h - a +1 pair of gloves (worn)
 u - a +0 ring mail (worn)
Jewellery
 q - the amulet "Haora" (around neck) {Reflect rC++ SH+5}
   (You found it on level 5 of the Dungeon)

   [amulet of reflection]

   It reflects blocked missile attacks.
   rC:        It greatly protects you from cold.
   SH:        It affects your SH (+5).
 r - a ring of protection from fire (left hand)
Wands
 n - a wand of flame (10)
Scrolls
 f - 4 scrolls of teleportation
 k - a scroll of fog
 l - 3 scrolls of amnesia
Potions
 a - 2 potions of mutation
 i - a potion of haste
 m - a potion of magic
 p - a potion of curing
 s - 2 potions of cancellation {unknown}
 t - a potion of heal wounds
 v - a potion of lignification {unknown}
 w - a potion of attraction {unknown}


   Skills:
 * Level 4.4 Fighting
 + Level 0.8(1.8) Maces & Flails
 + Level 2.5(2.6) Staves
 + Level 2.1 Armour
 + Level 2.3 Dodging
 - Level 2.1 Stealth
 + Level 1.1 Shields
 + Level 7.1 Spellcasting
 * Level 6.1 Conjurations
 - Level 0.7 Transmutations
 + Level 8.8 Earth Magic


You had 18 spell levels left.
You knew the following spells:

 Your Spells              Type           Power      Damage    Failure   Level
a - Sandblast             Erth           72%        2d16      1%          1
b - Stone Arrow           Conj/Erth      62%        3d10      3%          3

Your spell library contained the following spells:

 Spells                   Type           Power      Damage    Failure   Level
 Passwall                 Tmut/Erth      18%        N/A       4%          2
 Animate Skeleton         Necr           12%        N/A       22%         1
 Pain                     Necr           24%        1d5       22%         1
 Petrify                  Tmut/Erth      22%        N/A       30%         4
 Corpse Rot               Necr/Air       12%        N/A       32%         2
 Poisonous Vapours        Pois/Air       12%        N/A       32%         2
 Leda's Liquefaction      Hex/Erth       10%        N/A       34%         4
 Call Canine Familiar     Summ           6%         N/A       54%         3
 Gell's Gravitas          Tloc           6%         N/A       54%         3
 Lesser Beckoning         Tloc           6%         N/A       54%         3
 Portal Projectile        Hex/Tloc       12%        N/A       54%         3
 Teleport Other           Tloc           6%         N/A       54%         3
 Vampiric Draining        Necr           6%         2d6       54%         3


Dungeon Overview and Level Annotations

Branches:
Dungeon (7/15)             Temple (1/1) D:4

Altars:
Cheibriados
Dithmenos
Gozag
Kikubaaqudgha
Ru
Sif Muna
Uskayaw
Xom
Yredelemnul
The Shining One

Shops:
D:4 !   D:5 (


Innate Abilities, Weirdness & Mutations

You are immune to sickness and miasma.
Your stone body is resilient. (AC +6)
You are immune to poison.
You resist negative energy. (rN+)
You are resistant to electric shocks. (rElec)
You are resistant to unholy torment.
You are immune to petrification.


Message History

No target in view!
f - 4 scrolls of teleportation (gained 1)
t - a potion of heal wounds You open the door.
A komodo dragon comes into view.
The komodo dragon hisses angrily.
There is an open door here.
You closely miss the komodo dragon.
You hear the faint creaking of a very distant portcullis.
The komodo dragon bites you but does no damage.
Casting: Sandblast (safe; 1% risk of failure)
Confirm with . or Enter, or press ? or * to list all spells.
Aiming: Stone Arrow (dangerous; 3% risk of failure)
Press: ? - help, Shift-Dir - straight line, f - komodo dragon
Aim: a komodo dragon (81% to hit)
The stone arrow hits the komodo dragon!!
The komodo dragon is moderately wounded.
The komodo dragon bites you but does no damage.
Unknown command.
The blast of sand misses the komodo dragon.
You block the komodo dragon's attack.
The blast of sand hits the komodo dragon but does no damage.
The komodo dragon is moderately wounded.
The komodo dragon bites you!
The blast of sand hits the komodo dragon.
The komodo dragon is heavily wounded.
You block the komodo dragon's attack.
The blast of sand hits the komodo dragon.
The komodo dragon is heavily wounded.
The komodo dragon bites you!!
* * * LOW HITPOINT WARNING * * *
You are too injured to fight recklessly!
Casting: Sandblast (safe; 1% risk of failure)
Confirm with . or Enter, or press ? or * to list all spells.
Aiming: Sandblast (safe; 1% risk of failure)
Press: ? - help, Shift-Dir - straight line, f/p - komodo dragon
Aim: a komodo dragon (heavily wounded, 87% to hit)
The blast of sand misses the komodo dragon.
The komodo dragon bites you!
You die...

.......##.#
..........######
##..............
#.).....#########
##..............#
+.......######.#
#......#..<..#.#
#......#.#.#.#.#
########.#.# #@#
#.#.#..l...#
#.#.#......#
#.#..........
#.####.........
#.. +.........
#.........
#.....####


You could see a komodo dragon.

Vanquished Creatures
  A two-headed ogre (D:6)
  Grinder (D:4)
  Sigmund (D:2)
  A wraith (D:5)
  A wyvern (D:4)
  A necrophage (D:5)
  2 sky beasts (D:6)
  An orc warrior (D:6)
  2 kobold brigands (D:6)
  Blork the orc (D:4)
  A scorpion (D:5)
  A wyvern zombie (D:6)
  A killer bee (D:6)
  A howler monkey (D:7)
  A bullfrog zombie (D:6)
  2 orc priests
  5 hounds
  Crazy Yiuf (D:4)
  A gnoll shaman (D:6)
  2 jellies
  2 centaur skeletons
  4 iguanas
  6 orc wizards
  4 gnolls (D:7)
  2 howler monkey skeletons
  4 adders
  4 white imps
  3 dart slugs
  21 orcs
  3 bats
  4 endoplasms
  A giant cockroach (D:1)
  7 goblins
  9 hobgoblins
  2 jackals (D:5)
  5 quokkas
  9 ball pythons
  2 frilled lizards
  16 kobolds
  7 rats
143 creatures vanquished.

Vanquished Creatures (others)
  2 fungi (D:1)
  2 plants (D:1)
4 creatures vanquished.

Grand Total: 147 creatures vanquished

Notes
Turn   | Place    | Note
-------+----------+-------------------------------------------
     0 | D:1      | Cykl0x the Gargoyle Earth Elementalist began the quest for
                  | the Orb.
     0 | D:1      | Reached XP level 1. HP: 10/10 MP: 3/3
   276 | D:1      | Reached XP level 2. HP: 15/15 MP: 1/5
   321 | D:1      | Reached skill level 4 in Earth Magic
   857 | D:1      | Reached skill level 1 in Conjurations
  1068 | D:2      | Reached XP level 3. HP: 19/19 MP: 0/6
  1072 | D:2      | Learned a level 3 spell: Stone Arrow
  1325 | D:2      | Found a hide-covered altar of Uskayaw.
  1562 | D:2      | Reached XP level 4. HP: 24/24 MP: 1/7
  1567 | D:2      | Noticed Sigmund
  1741 | D:2      | Killed Sigmund
  1742 | D:2      | Reached skill level 5 in Earth Magic
  1742 | D:2      | Reached XP level 5. HP: 23/28 MP: 1/10
  1742 | D:2      | Reached XP level 6. HP: 27/33 MP: 1/11
  2733 | D:3      | Found a faded altar of an unknown god.
  3084 | D:4      | Noticed Grinder
  3091 | D:4      | Killed Grinder
  3092 | D:4      | Reached skill level 6 in Earth Magic
  3092 | D:4      | Reached XP level 7. HP: 33/37 MP: 4/13
  3215 | D:4      | Found a staircase to the Ecumenical Temple.
  3273 | Temple   | Entered the Ecumenical Temple
  3691 | D:4      | Found a runed translucent door.
  3692 | D:4      | Noticed Crazy Yiuf
  3698 | D:4      | Killed Crazy Yiuf
  3915 | D:4      | Noticed a wyvern
  3923 | D:4      | Killed a wyvern
  3924 | D:4      | Reached skill level 1 in Fighting
  4020 | D:4      | Found Xajikel's Distillery.
  4314 | D:4      | Noticed Blork the orc
  4320 | D:4      | Killed Blork the orc
  4396 | D:5      | Entered Level 5 of the Dungeon
  4488 | D:5      | Reached skill level 5 in Spellcasting
  4488 | D:5      | Reached XP level 8. HP: 44/44 MP: 10/15
  4558 | D:5      | Reached skill level 7 in Earth Magic
  4725 | D:5      | Noticed a wraith
  4733 | D:5      | Killed a wraith
  4734 | D:5      | Reached skill level 1 in Armour
  4872 | D:5      | Found Zikheleff's Weapon Shop.
  4907 | D:5      | Found a hide-covered altar of Uskayaw.
  5300 | D:5      | Identified the amulet "Haora" {Reflect rC++ SH+5}
  5769 | D:6      | Noticed a two-headed ogre
  5777 | D:6      | Killed a two-headed ogre
  5778 | D:6      | Reached skill level 1 in Staves
  5778 | D:6      | Reached skill level 5 in Conjurations
  5778 | D:6      | Reached skill level 8 in Earth Magic
  5778 | D:6      | Reached XP level 9. HP: 26/52 MP: 12/18
  6216 | D:6      | Reached skill level 1 in Shields
  6873 | D:7      | Noticed a komodo dragon
  6881 | D:7      | Slain by a komodo dragon

Illustrated notes

Levels and vault maps discovered:
D:1:      tarquinn_simple_flora_water_d, layout_loops_ring
D:2:      layout_basic, basic_altar, uniq_sigmund
D:3:      layout_basic, shapermc_ecumenical_altar_starsandcircs
D:4:      layout_loops_cross, temple_statues, serial_shops,
          nicolae_shop_advertising_works [nicolae_subvault_shop_adworks],
          uniq_blork_the_orc, uniq_crazy_yiuf_cottage, uniq_grinder
D:5:      layout_gridville, kennysheep_mini, serial_shops,
          nicolae_shop_bloodbath_and_beyond, eino_small_chamber_without_monster
D:6:      layout_gridville, grunt_tough_drop
D:7:      layout_basic, lightli_bailey_entry_fortress, worms_lemuel,
          uniq_prince_ribbit1, uniq_harold
Temple:   dpeg_three_leaves_temple

Skill      XL: |  1  2  3  4  5  6  7  8  9 |
---------------+----------------------------+-----
Earth Magic    | 4 5 6 8 |  8.8
Conjurations   | 1 2 3 4 5 6 |  6.1
Dodging        | 2 |  2.3
Spellcasting   | 3 4 5 6 7 |  7.1
Fighting       | 1 4 |  4.4
Armour         | 1 2 |  2.1
Staves         | 1 2 |  2.5
Shields        | 1 |  1.1
Maces & Flails | |  0.8
Stealth        | |  2.1
Transmutations | |  0.7

Action                   |  1- 3 |  4- 6 |  7- 9 || total
-------------------------+-------+-------+-------++-------
Melee: Mace              |    13 |     5 |       ||    18
       Punch             |     1 |       |       ||     1
       Quarterstaff      |       |       |    55 ||    55
 Cast: Sandblast         |    33 |    41 |    90 ||   164
       Stone Arrow       |     1 |    16 |    41 ||    58
  Use: Scroll            |     3 |     3 |     7 ||    13
       Potion            |       |     2 |       ||     2
Armor: Robe              |    10 |    15 |     2 ||    27
       Leather armour    |       |       |    29 ||    29
       Ring mail         |       |       |     3 ||     3
Dodge: Dodged            |    19 |    32 |    42 ||    93
Block: Other             |       |       |    14 ||    14
